 Dungeon Crawl Stone Soup version 0.27-a0-1278-g6cbc8dfb29 (webtiles) character file.

Game seed: 16358311976164903453

363 deletemesenpai the Chopper (level 6, -7/53 HPs)
             Began as a Hill Orc Fighter on June 12, 2021.
             Killed from afar by Blork the orc (11 damage)
             ... with a puff of frost
             ... on level 4 of the Dungeon.
             The game lasted 00:12:29 (3907 turns).

deletemesenpai the Chopper (Hill Orc Fighter)       Turns: 3907, Time: 00:12:30

Health: -7/53      AC: 10    Str: 19    XL:     6   Next: 67%
Magic:  6/6        EV:  5    Int:  8    God:
Gold:   146        SH:  9    Dex: 12    Spells: 5/5 levels left

rFire    . . .     SeeInvis .   a - +0 war axe
rCold    . . .     Faith    .   c - +0 kite shield
rNeg     . . .     Spirit   .   k - +0 chain mail
rPois    .         Reflect  .   (no helmet)
rElec    .         Harm     .   (no cloak)
rCorr    .         Rampage  .   g - +0 pair of gloves
Will     .....                  (no boots)
Stlth    ..........             (no amulet)
HPRegen  0.17/turn              (no ring)
MPRegen  0.10/turn              (no ring)

@: flying
A: no striking features
a: no special abilities


You were on level 4 of the Dungeon.
You visited 1 branch of the dungeon, and saw 4 of its levels.

You collected 146 gold pieces.

Inventory:

Hand Weapons
 a - a +0 war axe (weapon)
Missiles
 i - 11 poisoned darts (quivered)
Armour
 c - a +0 kite shield (worn)
 g - a +0 pair of gloves (worn)
 k - a +0 chain mail (worn)
Jewellery
 f - an amulet of guardian spirit
 h - a ring of protection from cold
Wands
 j - a wand of digging (6)
 m - a wand of paralysis (4)
Scrolls
 b - a scroll of vulnerability {unknown}
 l - a scroll of enchant armour {unknown}
 n - a scroll of identify {unknown}
Potions
 d - a potion of might


   Skills:
 + Level 4.6 Fighting
 * Level 6.1(6.3) Axes
 * Level 1.1(3.3) Maces & Flails
 * Level 1.0(3.3) Polearms
 - Level 1.0 Throwing
 + Level 4.6 Armour
 + Level 4.0 Shields


You had 5 spell levels left.
You didn't know any spells.
Your spell library contained the following spells:

 Spells                   Type           Power      Damage    Failure   Level
 Foxfire                  Conj/Fire      0%         2x1d4     100%        1
 Freeze                   Ice            0%         1d3       100%        1
 Conjure Flame            Conj/Fire      0%         6-21      100%        3
 Frozen Ramparts          Ice            0%         1d2       100%        3
 Inner Flame              Hex/Fire       0%         N/A       100%        3
 Ozocubu's Armour         Ice            0%         N/A       100%        3
 Hailstorm                Conj/Ice       0%         3d3       100%        4
 Sticky Flame             Conj/Fire      0%         2d3       100%        4
 Fireball                 Conj/Fire      0%         3d3       100%        5
 Metabolic Englaciation   Hex/Ice        0%         N/A       100%        5


Dungeon Overview and Level Annotations

Branches:
Dungeon (4/15)             Temple (0/1) D:4

Altars:

Shops:
D:1 ?

Annotations:
D:4 Blork the orc


Message History

Ouch! That really hurt!
Blork the orc screams, "I'll cover the dungeon with your blood!"
Blork the orc points at you and mumbles some strange words.
You block the puff of frost.
Items here: ))) [ †††.
The ogre looks more healthy.
Blork the orc mumbles some strange words.
Blork the orc seems to speed up.
Throw: 12 darts (poison)
Press: ? - help, Q - select action, (/) - cycle Shift-Dir - straight line, f/p - ogre
Aim: an ogre, wielding a +0 giant spiked club (heavily wounded, 74% to hit)
You throw a poisoned dart. The poisoned dart hits the ogre.
The ogre is poisoned.
The ogre is heavily wounded.
The ogre hits you with a +0 giant spiked club!
* * * LOW HITPOINT WARNING * * *
Blork the orc hits you from afar with a +0 trident.
* * * LOW HITPOINT WARNING * * *
Blork the orc screams, "I don't like you!"
Blork the orc hits you but does no damage.
Blork the orc barely misses you.
The ogre looks more healthy.
Blork the orc hits you from afar with a +0 trident.
* * * LOW HITPOINT WARNING * * *
Blork the orc points at you and mumbles some strange words.
The puff of frost hits you!
* * * LOW HITPOINT WARNING * * *
It was a potion of flight.
You feel very buoyant.
You fly up into the air.
Blork the orc points at you and mumbles some strange words.
You block the puff of flame. You block Blork the orc's attack.
You block Blork the orc's attack.
Blork the orc points at you and mumbles some strange words.
The puff of frost hits you but does no damage.
Blork the orc looks encouraged for a moment.
Blork the orc points at you and mumbles some strange words.
The puff of frost hits you!
You die...

#................#......
..###..........##....#......
...............##....#P..PP.
#.###...........)#......P...
###.<..†.....#........>P..
.........††....####....P..PP.
...............###.......P...
........>.......##.###.......
............@.O.........###..
................o........###.
.........................# ##
............................
............#.........##..
...#.................# .
###.#................. .
..#................. . .


You could see Blork the orc (fast) and an ogre.

Vanquished Creatures
  An ogre (D:3)
  A necrophage (D:4)
  Ijyb (D:3)
  An iguana (D:4)
  5 adders
  2 worms
  3 dart slugs
  3 orcs (D:4)
  4 ball pythons
  6 endoplasms
  3 giant cockroaches
  2 goblins
  5 hobgoblins
  18 jackals
  4 quokkas (D:2)
  7 bats
  4 frilled lizards
  6 kobolds
  4 rats
80 creatures vanquished.

Notes
Turn   | Place    | Note
-------+----------+-------------------------------------------
     0 | D:1      | deletemesenpai the Hill Orc Fighter began the quest for the
                  | Orb.
     0 | D:1      | Reached XP level 1. HP: 19/19 MP: 1/1
    21 | D:1      | Found Qeotruss's Magic Scroll Boutique.
   288 | D:1      | Reached XP level 2. HP: 27/27 MP: 2/2
   737 | D:1      | Reached skill level 3 in Axes
   936 | D:2      | Reached XP level 3. HP: 23/33 MP: 3/3
  1644 | D:2      | Found a faded altar of an unknown god.
  1801 | D:2      | Reached XP level 4. HP: 31/40 MP: 4/4
  2084 | D:3      | Noticed an ogre
  2417 | D:3      | Reached skill level 4 in Axes
  2422 | D:3      | Reached skill level 1 in Maces & Flails
  2734 | D:3      | Noticed Ijyb
  2742 | D:3      | Paralysed by Ijyb for 7 turns
  2751 | D:3      | Paralysed by Ijyb for 4 turns
  2760 | D:3      | Killed Ijyb
  2761 | D:3      | Reached skill level 1 in Polearms
  2761 | D:3      | Reached XP level 5. HP: 46/46 MP: 5/5
  3424 | D:3      | Killed an ogre
  3425 | D:3      | Reached skill level 5 in Axes
  3425 | D:3      | Reached skill level 1 in Throwing
  3425 | D:3      | Reached XP level 6. HP: 17/53 MP: 6/6
  3739 | D:4      | Noticed a necrophage
  3751 | D:4      | Killed a necrophage
  3775 | D:4      | Found a staircase to the Ecumenical Temple.
  3807 | D:4      | Reached skill level 6 in Axes
  3860 | D:4      | Noticed Blork the orc
  3893 | D:4      | HP: 2/53 [Blork the orc/puff of frost (10)]
  3907 | D:4      | Killed from afar by Blork the orc

Illustrated notes

Levels and vault maps discovered:
D:1:      psy_arrival_terrarium, layout_loops_cross, serial_shops, shop,
          roderic_lattice_a
D:2:      layout_loops_ring, shapermc_ecumenical_altar_mp_highgroup,
          minmay_surrounded
D:3:      layout_rooms, minmay_misc_feat_tower, uniq_ijyb
D:4:      layout_rooms, minmay_temple_entry_overgrown, wad_floor_pattern_1,
          chequers_serial_rivers_large_a, hangedman_decor_slide_cut,
          uniq_blork_the_orc

Skill      XL: |  1  2  3  4  5  6 |
---------------+-------------------+-----
Axes           | 3 4 5 6 |  6.1
Armour         | 4 |  4.6
Fighting       | 4 |  4.6
Maces & Flails | 1 |  1.1
Polearms       | 1 |  1.0
Throwing       | 1 |  1.0
Shields        | 4 |  4.0

Action                   |  1- 3 |  4- 6 || total
-------------------------+-------+-------++-------
Melee: War axe           |   127 |   107 ||   234
Throw: Dart              |       |    35 ||    35
  Use: Potion            |       |     1 ||     1
Armor: Scale mail        |    74 |    17 ||    91
       Chain mail        |       |    56 ||    56
Dodge: Dodged            |    59 |    44 ||   103
Block: Kite shield       |    84 |    72 ||   156

Table legend: (Time is in decaauts)
 A = Elapsed time spent in this place.
 B = Non-inter-level travel time spent in this place.
 C = Inter-level travel time spent in this place.
 D = Time resting spent in this place.
 E = Time spent auto-exploring this place.
 F = Levels seen in this place.
 G = Mean time per level.
                   A        B        C        D        E       F      G
               +--------+--------+--------+--------+--------+-----+--------+
         Total |   4045 |   3968 |     77 |    805 |   1960 |   4 | 1011.2 |
       Dungeon |   4045 |   3968 |     77 |    805 |   1960 |   4 | 1011.2 |
               +--------+--------+--------+--------+--------+-----+--------+

Top non-repeatable levels by time:
     D:2: 1793 daAuts
     D:3: 1167 daAuts
     D:1: 859 daAuts
     D:4: 225 daAuts
